 Dungeon Crawl Stone Soup version 0.30-a0-140-gd1020e658a (webtiles) character file.

Game seed: 2384399494466505273

332101 ryw the Convoker (level 20, -34/144 HPs)
             Began as a Demonspawn Monk on Sept 24, 2022.
             Was the Champion of Hepliaklqana.
             Killed from afar by a deep elf annihilator (51 damage)
             ... with a crystal spear
             ... on level 3 of the Elven Halls on Sept 25, 2022.
             The game lasted 02:37:47 (54641 turns).

ryw the Convoker (Demonspawn Monk)                 Turns: 54641, Time: 02:37:48

Health: -34/144    AC:  8    Str: 18    XL:     20   Next: 89%
Magic:  0/34       EV: 23    Int: 31    God:    Hepliaklqana [******]
Gold:   2885       SH: 22    Dex: 25    Spells: 4/39 levels left

rFire   + + .      SeeInvis .    V - +8 short sword "Nin Ciny" {vamp, *Slow Str+2 Int+7 Dex+5}
rCold   + + .      Faith    .    T - +2 shield of Resistance {rF++ rC++ Will++}
rNeg    . . .      Spirit   +    q - +2 robe {Archmagi}
rPois   +          Reflect  +    (helmet unavailable)
rElec   .          Harm     .    (cloak unavailable)
rCorr   .          Rampage  .    E - +1 pair of gloves of Ignis {+Inv rPois Int+6 Stlth-}
Will    +++++      Archmagi +    (boots unavailable)
Stlth   ++........               W - amulet of reflection
HPRegen 0.34/turn                x - ring of willpower
MPRegen 0.48/turn                s - +6 ring of intelligence

@: no status effects
A: reduced essence, hooves 3, horns 3, torment resistance 1, magic shield, magic
regeneration, magic link, demonic magic 3, demonic willpower, weakness stinger
3, iridescent scales 1
}: 2/15 runes: serpentine, barnacled
a: Renounce Religion, Evoke Invisibility, Recall Ancestor, Ancestor Identity,
Transference, Idealise


You were on level 3 of the Elven Halls.
You worshipped Hepliaklqana.
Hepliaklqana was exalted by your worship.
You visited 7 branches of the dungeon, and saw 34 of its levels.
You also visited: Bailey.

You collected 3389 gold pieces.
You spent 504 gold pieces at shops.

Inventory:

Hand Weapons
 a - the +7 long sword of Voett {pain, Str+6 Int-4 Dex+3}
   (You found it on level 4 of the Dungeon)

   In the hands of one skilled in necromantic magic, it inflicts extra damage on
   living creatures.
   Str:       It affects your strength (+6).
   Int:       It affects your intelligence (-4).
   Dex:       It affects your dexterity (+3).
 b - a +6 scimitar of flaming
 t - the +7 shortbow of Salt {freeze, rF+}
   (You found it on level 4 of the Shoals)

   Any ammunition fired from it freezes those it strikes, dealing additional
   cold damage.
   It can also slow down cold-blooded creatures.
   rF:        It protects you from fire.
 N - a +4 demon trident of electrocution
 U - the +3 whip of Departure {venom, rC++ Int+2}
   (You found it on level 4 of the Shoals)

   It poisons the flesh of those it strikes.
   Int:       It affects your intelligence (+2).
   rC:        It greatly protects you from cold.
 V - the +8 short sword "Nin Ciny" (weapon) {vamp, *Slow Str+2 Int+7 Dex+5}
   (You found it on level 8 of the Dungeon)

   It occasionally heals its wielder for a portion of the damage dealt when it
   wounds a living foe.
   Str:       It affects your strength (+2).
   Int:       It affects your intelligence (+7).
   Dex:       It affects your dexterity (+5).
   *Slow:     It may slow you when you take damage.
Missiles
 P - 22 silver javelins (quivered)
Armour
 m - the +4 kite shield of Focus {rPois}
   (You found it on level 2 of the Dungeon)

   rPois:     It protects you from poison.
 q - a +2 robe of the Archmagi (worn)
 y - a +2 robe of resistance
 E - the +1 pair of gloves of Ignis (worn) {+Inv rPois Int+6 Stlth-}
   (You acquired it on level 3 of the Shoals)

   Int:       It affects your intelligence (+6).
   rPois:     It protects you from poison.
   +Inv:      It lets you turn invisible.
   Stlth:     It makes you less stealthy.
 T - the +2 shield of Resistance (worn) {rF++ rC++ Will++}
   (You acquired it on level 3 of the Shoals)

   rF:        It greatly protects you from fire.
   rC:        It greatly protects you from cold.
   Will:      It greatly increases your willpower.
Jewellery
 s - a +6 ring of intelligence (right hand)
 x - a ring of willpower (left hand)
 O - the ring "Dycrozusm" {Fly Str+4}
   (You took it off a centaur on level 12 of the Dungeon)

   [ring of flight]

   Str:       It affects your strength (+4).
   Fly:       It grants you flight.
 W - an amulet of reflection (around neck)
Wands
 B - a wand of polymorph (22)
 C - a wand of mindburst (4)
 F - a wand of roots (31)
 G - a wand of paralysis (11)
 H - a wand of flame (9)
 I - a wand of digging (8)
 L - a wand of quicksilver (8)
Scrolls
 d - a scroll of enchant armour
 f - 3 scrolls of brand weapon
 g - 5 scrolls of amnesia
 j - a scroll of butterflies
 k - 2 scrolls of fear
 n - 21 scrolls of teleportation
 o - 10 scrolls of magic mapping
 u - a scroll of summoning
 v - 5 scrolls of noise
 w - a scroll of blinking
 X - a scroll of enchant weapon
Potions
 c - 8 potions of heal wounds
 h - 2 potions of berserk rage
 i - 15 potions of curing
 p - 4 potions of might
 r - a potion of invisibility
 z - 2 potions of resistance
 A - 5 potions of ambrosia
 D - 6 potions of mutation
 J - 7 potions of haste
 K - 2 potions of brilliance
 M - a potion of magic
 R - 4 potions of lignification
 Y - a potion of flight
Miscellaneous
 e - a phial of floods
 l - a condenser vane
 Q - a piece from Xom's chessboard (15/15)
 S - a box of beasts
 Z - a phantom mirror


   Skills:
 + Level 14.6 Fighting
 - Level 3.6(10.0) Short Blades
 - Level 14.2(14.4) Long Blades
 + Level 13.3 Dodging
 - Level 1.7 Stealth
 - Level 15.0 Shields
 - Level 3.5 Unarmed Combat
 - Level 10.0 Spellcasting
 + Level 16.8 Summonings
 * Level 5.3 Necromancy
 - Level 4.0 Translocations
 - Level 10.0 Invocations


You had 4 spell levels left.
You knew the following spells:

 Your Spells              Type           Power      Damage    Failure   Level
a - Call Imp              Summ           100%       N/A       0%          2
b - Summon Forest         Summ/Tloc      44%        N/A       2%          5
c - Summon Mana Viper     Hex/Summ       79%        N/A       4%          5
d - Summon Cactus Giant   Summ           54%        N/A       1%          6
e - Summon Hydra          Summ           54%        N/A       4%          7
f - Apportation           Tloc           100%       N/A       1%          1
g - Blink                 Tloc           100%       N/A       1%          2
h - Haunt                 Necr/Summ      45%        N/A       45%         7

Your spell library contained the following spells:

 Spells                   Type           Power      Damage    Failure   Level
 Necrotise                Necr           100%       1d9       1%          1
 Sublimation of Blood     Necr           64%        N/A       1%          2
 Vampiric Draining        Necr           64%        2d10      1%          3
 Animate Armour           Summ/Erth      100%       N/A       1%          4
 Lesser Beckoning         Tloc           57%        N/A       3%          3
 Cigotuvi's Dreadful Rot  Necr/Pois/Air  78%        N/A       4%          2
 Beastly Appendage        Tmut           46%        N/A       5%          1
 Magic Dart               Conj           92%        1d7       5%          1
 Sting                    Tmut/Pois      92%        1d7       5%          1
 Animate Dead             Necr           64%        N/A       6%          4
 Dispel Undead            Necr           64%        3d22      6%          4
 Portal Projectile        Hex/Tloc       82%        N/A       8%          3
 Poisonous Vapours        Pois/Air       46%        N/A       9%          2
 Searing Ray              Conj           46%        2d6       9%          2
 Wereblood                Tmut           23%        N/A       9%          2
 Kindle Blastsparks       Fire/Tloc/Air  70%        2d15      10%         3
 Manifold Assault         Tloc           57%        N/A       11%         4
 Mephitic Cloud           Conj/Pois/Air  23%        N/A       17%         3
 Ozocubu's Armour         Ice            23%        N/A       17%         3
 Spider Form              Tmut/Pois      23%        N/A       17%         3
 Swiftness                Air            23%        N/A       17%         3
 Tukima's Dance           Hex            23%        N/A       17%         3
 Airstrike                Air            11%        2d(2-18)  50%         4
 Flame Wave               Conj/Fire      23%        2d8       50%         4
 Fulminant Prism          Conj/Hex       11%        3d9       50%         4
 Olgreb's Toxic Radiance  Pois           23%        N/A       50%         4
 Petrify                  Tmut/Erth      23%        N/A       50%         4
 Death Channel            Necr           32%        N/A       69%         6
 Alistair's Intoxication  Tmut/Pois      15%        N/A       83%         5
 Arcjolt                  Conj/Air       11%        1d21      83%         5
 Blade Hands              Tmut           11%        N/A       83%         5
 Fireball                 Conj/Fire      11%        3d7       83%         5
 Irradiate                Conj/Tmut      11%        3d15      83%         5
 Iskenderun's Battlesphe  Conj           23%        2d8       83%         5
 Silence                  Hex/Air        11%        N/A       83%         5
 Spellforged Servitor     Conj/Summ      39%        N/A       83%         7
 Dispersal                Tloc           28%        N/A       86%         6
 Conjure Ball Lightning   Conj/Air       11%        3x3d6     100%        6
 Eringya's Noxious Bog    Tmut/Pois      11%        N/A       100%        6
 Iron Shot                Conj/Erth      11%        9d3       100%        6
 Orb of Destruction       Conj           11%        9d6       100%        7
 Ozocubu's Refrigeration  Ice            11%        4d10      100%        7
 Storm Form               Tmut/Air       11%        N/A       100%        7
 Disjunction              Tloc           28%        N/A       100%        8


Dungeon Overview and Level Annotations

Branches:
Dungeon (15/15)            Temple (1/1) D:6            Lair (5/5) D:9
 Shoals (4/4) Lair:3        Snake (4/4) Lair:3        Slime (0/5) Lair:5
    Orc (2/2) D:11            Elf (3/3) Orc:2        Vaults (0/5) D:14
 Bailey (visited)
 Depths: D:15

Altars:
Ashenzari
Cheibriados
Dithmenos
Fedhas
Gozag
Hepliaklqana
Kikubaaqudgha
Makhleb
Nemelex Xobeh
Okawaru
Qazlal
Ru
Sif Muna
Trog
Uskayaw
Vehumet
Wu Jian
Xom
Yredelemnul
Jiyva

Shops:
D:6 [(:   D:7 *   D:10 (   Orc:2 !([?   Snake:1 !   Snake:3 !?[

Portals:
Abyss: D:10

Annotations:
D:12 3 runed translucent doors
Elf:3 2 transporters, Waiwil's ghost, adept DsFi


Innate Abilities, Weirdness & Mutations

Your life essence is reduced to manifest your ancestor. (-10% HP)
You have hooves in place of feet.
You have a pair of large horns on your head.
You are resistant to unholy torment.
When hurt, damage is shared between your health and your magic reserves.
You regenerate magic rapidly.
When low on magic, you restore magic in place of health.
Spells you cast and wands you use may paralyse nearby enemies.
You punish those that try to bend your will. (Will+)
You have a sharp stinger which inflicts weakening toxins.
You are partially covered in iridescent scales. (AC +2)


Message History

You block the deep elf blademaster's attack.
The deep elf blademaster misses you.
The deep elf blademaster hits you with a +3 rapier!
* * * LOW HITPOINT WARNING * * *
The deep elf blademaster hits you with a +3 rapier.
* * * LOW HITPOINT WARNING * * *
The deep elf blademaster attacks as you move away!
You block the deep elf blademaster's attack.
The deep elf blademaster hits you but does no damage.
There is an open door here.
The deep elf blademaster attacks as you move away!
You block the deep elf blademaster's attack.
The deep elf blademaster hits you with a +3 rapier!
* * * LOW HITPOINT WARNING * * *
Your surroundings suddenly seem different.
The deep elf blademaster is struck by your cactus giant's spines.
The deep elf blademaster hits your cactus giant with a +3 rapier!
The deep elf blademaster hits your cactus giant with a +3 rapier.
Your cactus giant misses the deep elf blademaster.
The deep elf demonologist casts a spell at you.
You resist with almost no effort.
Your will lashes out at the deep elf demonologist.
The deep elf blademaster is struck by your cactus giant's spines.
The deep elf blademaster hits your cactus giant with a +3 rapier! x2
The deep elf annihilator casts a spell.
The deep elf annihilator blinks!
Unknown command.
As you read the scroll of fear, it crumbles to dust.
You assume a fearsome visage.
The deep elf death mage resists with almost no effort.
The deep elf annihilator resists with almost no effort.
The deep elf blademaster resists with almost no effort.
The deep elf blademaster looks frightened!
The deep elf demonologist looks frightened!
The deep elf blademaster is struck by your cactus giant's spines.
The deep elf blademaster hits your cactus giant with a +3 rapier.
The deep elf blademaster hits your cactus giant with a +3 rapier!!
The deep elf annihilator casts a spell at you.
The crystal spear hits you!!!
You die...

###.# #.# # #'### ###
###e# ##..)##
###.###...# ##.....##
###.....#.###
#.......###......§..#
+.......'eC.e.......#
#.......###....⌠....#
##.....## #.....e...#
+#...#+ #...e.@...#
##+## ####.....###
#.#.###.### ##+.# ###
...


You could see 2 deep elf blademasters, a deep elf annihilator, a deep elf death
mage (empowered), a deep elf demonologist (fleeing) and a friendly cactus giant
(summoned).

Vanquished Creatures
  Bai Suzhen (Snake:4)
  Saint Roka (Snake:2)
  Jorgrun (D:12)
  Asterion (Snake:1)
  Kirke (Snake:2)
  The ghost of Oradghuzu the Ruinous, an adept TeCj of Sif Muna (Shoals:3)
  A sphinx (Shoals:4)
  A tengu reaver (D:12)
  7 nagarajas
  Louise (Snake:2)
  Nessos (D:13)
  2 minotaurs
  Azrael (Orc:2)
  An ettin (D:12)
  A deep elf death mage (Elf:1)
  4 merfolk javelineers
  4 merfolk impalers
  Josephine (Lair:4)
  A fire dragon (D:12)
  6 vault guards (D:14)
  Erolcha (D:13)
  3 hydras
  2 death knights
  3 merfolk avatars
  2 catoblepae
  A merfolk aquamancer (Shoals:4)
  8 death yaks (Lair:5)
  The ghost of chamandro the Destroyer, a novice DrCj of Vehumet (D:10)
  2 alligator snapping turtles
  25 dancing weapons
  15 anacondas
  4 two-headed ogres
  2 boulder beetles
  6 satyrs (Shoals:4)
  A deep troll earth mage (D:12)
  3 centaur warriors
  10 naga warriors
  8 naga sharpshooters
  A thrashing horror (D:10)
  An orc high priest (Orc:2)
  5 shock serpents
  9 deep elf knights
  Nergalle (Lair:3)
  4 skeletal warriors (D:14)
  3 salamander mystics
  17 sea snakes
  3 deep elf archers
  5 naga ritualists
  7 orc knights
  23 harpies
  13 deep elf zephyrmancers
  3 large abominations (Elf:1)
  7 mana vipers
  17 deep elf pyromancers
  6 orc sorcerers
  2 ugly things
  14 salamanders
  4 cyclopes
  23 manticores
  5 merfolk sirens
  9 fauns
  Maurice (D:13)
  A guardian serpent (shapeshifter) (Elf:1)
  13 naga magi
  36 black mambas
  2 toenail golems (D:10)
  4 molten gargoyles (Elf:2)
  4 guardian serpents
  5 cane toads
  A torpor snail (Lair:5)
  A water nymph (shapeshifter) (Elf:3)
  An unseen horror (D:11)
  Psyche (D:11)
  7 komodo dragons
  An efreet (D:15)
  2 kobold demonologists (D:10)
  4 tengu conjurers
  4 rime drakes
  27 merfolk
  A merfolk (shapeshifter) (Elf:2)
  12 trolls
  7 wind drakes
  5 polar bears
  2 hornets (Lair:5)
  A slime creature (D:12)
  6 snapping turtles
  4 dream sheep (Shoals:4)
  16 blink frogs
  An air elemental (Elf:3)
  A shadow (D:12)
  8 wraiths
  29 yaks
  2 vampires
  3 basilisks
  13 water elementals
  4 fire elementals
  6 wyverns
  3 vampire mosquitoes
  2 steam dragons
  3 hogs (Snake:2)
  40 nagas
  3 wargs
  2 swamp worms (Lair:5)
  10 water moccasins
  A nameless horror (Lair:3)
  3 hell hounds
  An acid dragon (D:11)
  Duvessa (D:6)
  A hexer (Shoals:1)
  A black bear (shapeshifter) (Elf:2)
  A sky beast (D:6)
  3 ice beasts
  25 orc warriors
  A black bear (D:9)
  9 ogres
  3 wolves
  8 centaurs
  A phantom (D:4)
  2 kobold brigands
  An elf zombie (Elf:1)
  Blork the orc (D:5)
  11 bullfrogs
  A scorpion (D:6)
  7 wights
  Dowan (D:6)
  3 jellies
  14 killer bees
  9 howler monkeys
  4 electric eels
  A small abomination (D:10)
  3 hounds
  A gnoll bouda (D:8)
  Crazy Yiuf (D:6)
  21 orc priests
  8 iguanas
  25 orc wizards
  4 gnolls
  7 adders
  A river rat (D:3)
  2 white imps
  An ufetubus (D:4)
  5 dart slugs
  45 orcs
  9 ball pythons
  4 bats
  7 endoplasms
  5 giant cockroaches (D:3)
  2 goblins
  7 hobgoblins
  6 jackals
  7 quokkas
  2 frilled lizards (D:1)
  25 kobolds
  4 rats
  A plant (Shoals:3)
933 creatures vanquished.

Vanquished Creatures (collateral kills)
  A sphinx (Shoals:4)
  Frances (Snake:1)
  4 nagarajas
  Aizul (Snake:1)
  2 deep elf annihilators (Elf:1)
  A minotaur (Shoals:4)
  An ettin (D:12)
  A merfolk javelineer (Shoals:2)
  Harold (D:11)
  A rakshasa (D:12)
  An ice dragon (D:12)
  2 hydras
  A merfolk aquamancer (Shoals:2)
  2 merfolk avatars
  2 centaur warriors
  Erica (Lair:1)
  6 dancing weapons (Elf:2)
  2 anacondas
  A two-headed ogre (D:10)
  A satyr (Shoals:4)
  The ghost of Piups the Frost Mage, a journeyman DsIE of Vehumet (Lair:3)
  2 boulder beetles
  2 naga warriors
  A death yak (Lair:5)
  6 naga sharpshooters
  2 shock serpents (Snake:2)
  4 deep elf knights
  A salamander mystic (Snake:4)
  A skeletal warrior (D:14)
  3 deep elf archers (Elf:1)
  4 sea snakes
  2 naga ritualists
  2 harpies
  4 deep elf pyromancers
  2 ugly things (D:14)
  2 fauns
  3 deep elf zephyrmancers
  4 mana vipers
  A necromancer (Elf:1)
  A cyclops (D:12)
  9 manticores
  2 salamanders
  An elephant (Lair:5)
  4 naga magi
  4 guardian serpents
  A cane toad (Lair:3)
  A water nymph (Shoals:3)
  10 black mambas
  An unseen horror (shapeshifter) (Elf:1)
  3 komodo dragons
  A tengu conjurer (D:13)
  9 merfolk
  A wind drake (Shoals:2)
  A nameless horror (Snake:1)
  A slime creature (D:12)
  2 snapping turtles
  7 blink frogs
  A wraith (Lair:4)
  8 water elementals
  7 yaks
  4 wyverns
  2 basilisks
  A steam dragon (D:10)
  3 vampire mosquitoes
  A swamp worm (Lair:5)
  11 nagas
  A hell hound (Orc:1)
  A water moccasin (Lair:3)
  6 orc warriors
  An ogre (Orc:2)
  2 centaurs (D:12)
  4 wolves
  A bullfrog (Lair:2)
  A wight (D:7)
  3 howler monkeys
  A gnoll bouda (D:7)
  3 orc priests
  18 orc wizards
  4 gnolls
  9 orcs
  3 hobgoblins (Bailey)
  9 kobolds
  5 butterflies (Lair:2)
  A plant (Shoals:4)
250 creatures vanquished.

Vanquished Creatures (others)
  A deep elf pyromancer (Elf:1)
  A naga mage (Snake:3)
  A human (Snake:2)
  An orc wizard (Orc:2)
  37 hexers
  3 orcs (Orc:2)
  42 fungi
  161 plants
247 creatures vanquished.

Grand Total: 1430 creatures vanquished

Notes
Turn   | Place    | Note
-------+----------+-------------------------------------------
     0 | D:1      | ryw the Demonspawn Monk began the quest for the Orb.
     0 | D:1      | Reached XP level 1. HP: 18/18 MP: 1/1
   583 | D:1      | Discovered your monstrous ancestry.
   583 | D:1      | Gained mutation: You have large cloven feet. [demonic
                  | ancestry]
   583 | D:1      | Reached XP level 2. HP: 23/24 MP: 2/2
  1247 | D:2      | Identified the +4 kite shield of Focus {rPois}
  1536 | D:2      | Gained mutation: You have a pair of small horns on your
                  | head. [demonic ancestry]
  1536 | D:2      | Reached XP level 3. HP: 29/30 MP: 3/3
  1880 | D:2      | Found a faded altar of an unknown god.
  2370 | D:3      | Gained mutation: You have a small tail. [demonic ancestry]
  2370 | D:3      | Reached XP level 4. HP: 31/37 MP: 4/4
  2457 | D:3      | Reached skill level 1 in Shields
  3374 | D:3      | Gained mutation: You have hoof-like feet. [demonic
                  | ancestry]
  3374 | D:3      | Reached XP level 5. HP: 39/43 MP: 5/5
  3690 | D:4      | Identified the +7 long sword of Voett {pain, Str+6 Int-4
                  | Dex+3}
  4130 | D:4      | Noticed a phantom
  4139 | D:4      | Killed a phantom
  4140 | D:4      | Reached skill level 1 in Long Blades
  4140 | D:4      | Gained mutation: You have a pair of horns on your head.
                  | [demonic ancestry]
  4140 | D:4      | Reached XP level 6. HP: 46/49 MP: 6/6
  4156 | D:4      | Found a burning altar of Makhleb.
  4230 | D:4      | Found a basalt altar of Yredelemnul.
  4232 | D:4      | Found a broken altar of Ashenzari.
  4296 | D:5      | Entered Level 5 of the Dungeon
  4354 | D:5      | Noticed an ice beast
  4479 | D:5      | Noticed a wyvern
  4484 | D:5      | Killed a wyvern
  4570 | D:5      | Gained mutation: You have a tail ending in a sharp stinger.
                  | [demonic ancestry]
  4570 | D:5      | Reached XP level 7. HP: 55/55 MP: 7/7
  4990 | D:5      | Noticed Blork the orc
  4999 | D:5      | Killed Blork the orc
  5399 | D:5      | Reached skill level 5 in Long Blades
  5528 | D:6      | Noticed Dowan
  5529 | D:6      | Noticed Duvessa
  5652 | D:6      | Killed Duvessa
  5653 | D:6      | Reached skill level 5 in Shields
  5653 | D:6      | Gained mutation: You have a pair of large horns on your
                  | head. [demonic ancestry]
  5653 | D:6      | Reached XP level 8. HP: 61/61 MP: 8/8
  5658 | D:6      | Killed Dowan
  5902 | D:6      | Found Axumaodgh's Armour Shoppe.
  5903 | D:6      | Found Bothad's Antique Weapon Emporium.
  5906 | D:6      | Found Jesah's Book Shoppe.
  6224 | D:6      | Found a staircase to the Ecumenical Temple.
  6224 | D:6      | Noticed a troll
  6236 | D:6      | Killed a troll
  6510 | Temple   | Entered the Ecumenical Temple
  7071 | D:6      | Found a runed translucent door.
  7072 | D:6      | Noticed Crazy Yiuf
  7078 | D:6      | Killed Crazy Yiuf
  7300 | D:7      | Found Wiag Ese's Neck Hole.
  7330 | D:7      | Found a hazy altar of Hepliaklqana.
  7348 | D:7      | Became a worshipper of Hepliaklqana the Forgotten
  7348 | D:7      | Reached * piety under Hepliaklqana
  7348 | D:7      | Reached ** piety under Hepliaklqana
  7349 | D:7      | Remembered your ancestor Belanum as a hexer
  7504 | D:7      | Reached XP level 9. HP: 35/59 MP: 9/9
  8369 | D:8      | Found an ornate altar of the Wu Jian Council.
  8561 | D:8      | Reached skill level 1 in Invocations
  8804 | D:8      | Reached skill level 5 in Fighting
  9075 | D:8      | Identified the +8 short sword "Nin Ciny" {vamp, *Slow Str+2
                  | Int+7 Dex+5}
  9093 | D:8      | Found a snail-covered altar of Cheibriados.
  9406 | D:9      | Noticed a troll
  9415 | D:9      | Killed a troll
  9483 | D:9      | Found a staircase to the Lair.
  9513 | D:9      | Gained mutation: You regenerate magic rapidly. [demonic
                  | ancestry]
  9513 | D:9      | Reached XP level 10. HP: 40/66 MP: 9/12
  9713 | D:9      | Reached *** piety under Hepliaklqana
 10179 | D:9      | Noticed a two-headed ogre
 10186 | D:9      | Killed a two-headed ogre
 10541 | D:10     | Entered Level 10 of the Dungeon
 10541 | D:10     | Noticed a two-headed ogre
 10548 | D:10     | Killed a two-headed ogre
 10549 | D:10     | Reached skill level 5 in Invocations
 10598 | D:10     | Found a transporter.
 10773 | D:10     | Found a flagged portal.
 10794 | Bailey   | Entered a bailey
 10801 | Bailey   | Noticed an orc knight
 10956 | Bailey   | Identified the +0 robe "Fuywk" {Drain Str+3 Dex+5 Slay+2}
 10973 | Bailey   | Killed an orc knight
 10987 | Bailey   | Reached skill level 5 in Dodging
 11445 | D:10     | Found Sedyowog's Weapon Shop.
 11464 | D:10     | Found a transporter.
 11469 | D:10     | Noticed a toenail golem
 11472 | D:10     | Noticed a toenail golem
 11484 | D:10     | Noticed a thrashing horror
 11544 | D:10     | Reached **** piety under Hepliaklqana
 11644 | D:10     | Gained mutation: Spells you cast may paralyse adjacent
                  | enemies. [demonic ancestry]
 11644 | D:10     | Reached XP level 11. HP: 68/74 MP: 13/15
 11908 | D:10     | Noticed a two-headed ogre
 11919 | D:10     | Killed a two-headed ogre
 11920 | D:10     | Reached skill level 10 in Long Blades
 12202 | Lair:1   | Entered Level 1 of the Lair of Beasts
 12663 | Lair:1   | Noticed Erica
 12759 | Lair:1   | Noticed a boulder beetle
 12761 | Lair:1   | Killed Erica
 12801 | Lair:1   | Killed a boulder beetle
 14117 | Lair:2   | Reached skill level 10 in Shields
 14236 | Lair:2   | Gained mutation: You have hooves in place of feet. [demonic
                  | ancestry]
 14236 | Lair:2   | Reached XP level 12. HP: 77/82 MP: 17/17
 14651 | Lair:2   | Reached ***** piety under Hepliaklqana
 15057 | Lair:3   | Noticed Nergalle
 15103 | Lair:3   | Killed Nergalle
 15281 | Lair:3   | Found a staircase to the Snake Pit.
 15509 | Lair:3   | Found a staircase to the Shoals.
 15517 | Lair:3   | Noticed a minotaur
 15518 | Lair:3   | Noticed Piups's ghost (journeyman DsIE)
 15520 | Lair:3   | Noticed a catoblepas
 15557 | Lair:3   | You fall into a shaft and drop 2 floors!
 15557 | Lair:5   | Entered Level 5 of the Lair of Beasts
 15674 | Lair:4   | Noticed a four-headed hydra
 15682 | Lair:4   | Killed a one-headed hydra
 15945 | Lair:4   | Found a hide-covered altar of Uskayaw.
 16203 | Lair:3   | Found a runed translucent gate.
 16203 | Lair:3   | Found a runed translucent gate.
 16203 | Lair:3   | Found a runed translucent gate.
 16698 | Lair:4   | Noticed Josephine
 16706 | Lair:4   | Killed Josephine
 16720 | Lair:4   | Reached XP level 13. HP: 85/90 MP: 20/20
 17056 | Lair:5   | Reached skill level 10 in Invocations
 18068 | Lair:5   | Found a viscous altar of Jiyva.
 18069 | Lair:5   | Found a staircase to the Slime Pits.
 18122 | Lair:5   | HP: 2/92 [death yak (18)]
 18151 | Lair:5   | Reached skill level 10 in Fighting
 19154 | Lair:5   | Gained mutation: When hurt, damage is shared between your
                  | health and your magic reserves. [demonic ancestry]
 19154 | Lair:5   | Reached XP level 14. HP: 99/99 MP: 21/21
 19155 | Lair:5   | Gained mutation: You are partially covered in iridescent
                  | scales. (AC +2) [potion of mutation]
 19446 | D:10     | Found a one-way gate to the infinite horrors of the Abyss.
 19446 | D:10     | Noticed chamandro's ghost (novice DrCj)
 19471 | D:10     | Killed chamandro's ghost
 19709 | D:11     | Noticed Psyche
 19714 | D:11     | Killed Psyche
 19728 | D:11     | Gained mutation: You have a sharp stinger which inflicts
                  | weakening toxins. [demonic ancestry]
 19728 | D:11     | Reached XP level 15. HP: 100/105 MP: 22/22
 19853 | D:11     | Reached ****** piety under Hepliaklqana
 19881 | D:11     | Found a staircase to the Orcish Mines.
 19915 | D:11     | Noticed Harold
 19933 | D:11     | Killed Harold
 20934 | D:12     | Found a runed translucent door.
 20939 | D:12     | Found a runed translucent door.
 20943 | D:12     | Noticed Jorgrun
 21269 | D:12     | Killed Jorgrun
 21296 | D:12     | Reached skill level 10 in Dodging
 21522 | D:12     | Identified the ring "Dycrozusm" {Fly Str+4}
 22784 | D:12     | Noticed a tengu reaver
 22804 | D:12     | Killed a tengu reaver
 22876 | D:12     | Identified the +3 mace of the Toadstool {holy, Fly Dex+2}
 23455 | D:12     | Found a runed translucent door.
 23663 | D:13     | Noticed Maurice
 23663 | D:13     | Noticed Erolcha
 23673 | D:13     | Killed Maurice
 23676 | D:13     | Killed Erolcha
 24098 | D:13     | Noticed Nessos
 24108 | D:13     | Killed Nessos
 24722 | D:14     | Found a gate to the Vaults.
 25208 | Orc:1    | Entered Level 1 of the Orcish Mines
 26043 | Orc:2    | Entered Level 2 of the Orcish Mines
 26155 | Orc:1    | Gained mutation: Spells you cast may paralyse nearby
                  | enemies. [demonic ancestry]
 26155 | Orc:1    | Reached XP level 16. HP: 84/109 MP: 18/23
 26510 | Orc:2    | Found Uxzygeku's Weapon Emporium.
 26510 | Orc:2    | Found Wugg's Magic Scroll Shoppe.
 26510 | Orc:2    | Found Ravvinatz's Armour Shoppe.
 26513 | Orc:2    | Found Himis's Distillery.
 26628 | Orc:2    | Found a staircase to the Elven Halls.
 26710 | Orc:2    | Noticed Azrael
 27451 | Orc:2    | Killed Azrael
 27580 | Orc:2    | Reached skill level 15 in Shields
 28055 | D:12     | Learned a level 2 spell: Call Imp
 28368 | D:14     | Reached skill level 1 in Spellcasting
 28671 | D:14     | Reached skill level 1 in Summonings
 29342 | D:15     | Entered Level 15 of the Dungeon
 29405 | D:15     | Reached skill level 2 in Summonings
 29956 | D:6      | Bought a Fen Folio for 504 gold pieces
 30120 | Shoals:1 | Entered Level 1 of the Shoals
 30274 | Shoals:1 | Reached skill level 3 in Summonings
 31533 | Shoals:1 | Reached skill level 4 in Summonings
 31856 | Shoals:1 | Reached skill level 5 in Spellcasting
 32965 | Shoals:2 | Reached skill level 1 in Short Blades
 33055 | Shoals:2 | Reached skill level 5 in Summonings
 34042 | Shoals:2 | Learned a level 5 spell: Summon Forest
 34048 | Shoals:2 | Learned a level 5 spell: Summon Mana Viper
 34055 | Shoals:2 | Learned a level 6 spell: Summon Cactus Giant
 34063 | Shoals:2 | Learned a level 7 spell: Summon Hydra
 34951 | Shoals:3 | Noticed Oradghuzu's ghost (adept TeCj)
 34954 | Shoals:3 | Found a runed translucent door.
 34994 | Shoals:3 | Reached skill level 6 in Summonings
 35379 | Shoals:3 | Gained mutation: When low on magic, you restore magic in
                  | place of health. [demonic ancestry]
 35379 | Shoals:3 | Reached XP level 17. HP: 119/119 MP: 26/28
 36364 | Shoals:3 | Killed Oradghuzu's ghost
 36940 | Shoals:4 | Entered Level 4 of the Shoals
 36975 | Shoals:4 | Reached skill level 7 in Summonings
 38029 | Shoals:4 | Reached skill level 8 in Summonings
 38498 | Shoals:3 | Identified 3 scrolls of acquirement
 38500 | Shoals:3 | Acquired the +2 shield of Resistance {rF++ rC++ Will++}
 38500 | Shoals:3 | Found the +2 shield of Resistance {rF++ rC++ Will++}
 38504 | Shoals:3 | Acquired the +1 pair of gloves of Ignis {+Inv rPois Int+6
                  | Stlth-}
 38517 | Shoals:3 | Acquired 423 gold pieces
 38564 | Shoals:4 | Reached skill level 9 in Summonings
 39226 | Shoals:4 | Reached skill level 10 in Summonings
 39243 | Shoals:4 | Identified the +7 shortbow of Salt {freeze, rF+}
 39465 | Shoals:4 | Identified the +3 whip of Departure {venom, rC++ Int+2}
 39560 | Shoals:4 | Reached skill level 11 in Summonings
 39596 | Shoals:4 | Got a barnacled rune of Zot
 40007 | Lair:3   | Killed Piups's ghost
 40170 | Snake:1  | Entered Level 1 of the Snake Pit
 40294 | Snake:1  | Noticed Asterion
 40794 | Snake:1  | Reached skill level 12 in Summonings
 40805 | Snake:1  | Killed Asterion
 41937 | Snake:1  | Noticed Frances
 41937 | Snake:1  | You fall into a shaft and drop 1 floor!
 41938 | Snake:2  | Noticed Saint Roka
 42029 | Snake:1  | Killed Frances
 42245 | Snake:1  | Gained mutation: You punish those that try to bend your
                  | will. (Will+) [demonic ancestry]
 42245 | Snake:1  | Reached XP level 18. HP: 109/126 MP: 26/30
 42767 | Snake:1  | Found Cydun's Distillery.
 42789 | Snake:1  | Reached skill level 13 in Summonings
 42915 | Snake:1  | Noticed Aizul
 42926 | Snake:1  | Killed Aizul
 43380 | Snake:1  | Learned a level 1 spell: Apportation
 43383 | Snake:1  | Learned a level 2 spell: Blink
 43504 | Snake:2  | Noticed Kirke
 43529 | Snake:2  | Killed Kirke
 43676 | Snake:2  | Killed Saint Roka
 43677 | Snake:2  | Reached skill level 1 in Translocations
 45127 | Snake:2  | Noticed Louise
 45144 | Snake:2  | Killed Louise
 46092 | Snake:2  | Got Sif Muna's Opusculum on Shadowy Ignition
 46192 | Snake:3  | Reached skill level 14 in Summonings
 46557 | Snake:3  | Found Hokhahak's Distillery.
 46561 | Snake:3  | Found Qikupn's Magic Scroll Emporium.
 46562 | Snake:3  | Found Wikhlookk's Armour Shoppe.
 46892 | Snake:4  | Entered Level 4 of the Snake Pit
 48285 | Snake:4  | Reached skill level 10 in Spellcasting
 48632 | Snake:4  | Gained mutation: You are resistant to unholy torment.
                  | [demonic ancestry]
 48632 | Snake:4  | Reached XP level 19. HP: 134/134 MP: 17/33
 48828 | Snake:4  | Noticed Bai Suzhen
 49368 | Snake:4  | Reached skill level 15 in Summonings
 49570 | Snake:4  | Killed Bai Suzhen
 50306 | Snake:4  | Got a serpentine rune of Zot
 50738 | Elf:1    | Entered Level 1 of the Elven Halls
 50811 | Elf:1    | Gained mutation: Spells you cast and wands you use may
                  | paralyse nearby enemies. [demonic ancestry]
 50811 | Elf:1    | Reached XP level 20. HP: 142/142 MP: 34/34
 50913 | Elf:1    | Reached skill level 16 in Summonings
 51279 | Elf:1    | Got the Precepts of Dark Deeds
 51407 | Elf:1    | Acquired the Folio of the Several Stars
 51417 | Elf:1    | Learned a level 7 spell: Haunt
 51899 | Elf:2    | Reached skill level 1 in Necromancy
 52087 | Elf:2    | Identified the +5 war axe "Ybbieqibu" {drain, rC+ Will+
                  | Dex+3 Stlth+}
 52505 | Elf:2    | Found a runed translucent gate.
 52505 | Elf:2    | Found a runed translucent gate.
 52527 | Elf:2    | Found a runed translucent gate.
 54252 | Elf:3    | Entered Level 3 of the Elven Halls
 54288 | Elf:3    | Reached skill level 5 in Necromancy
 54391 | Elf:3    | Noticed Waiwil's ghost (adept DsFi)
 54392 | Elf:3    | Found a transporter.
 54393 | Elf:3    | Found a transporter.
 54507 | Elf:3    | Paralysed by an air elemental for 1 turns
 54636 | Elf:3    | HP: 4/144 [deep elf blademaster/+3 rapier (4)]
 54641 | Elf:3    | Killed from afar by a deep elf annihilator

Illustrated notes

Levels and vault maps discovered:
D:1:      dpeg_arrival_lava_temple_mockup, layout_loops_ring, st_stairs_14,
          chequers_decorated_corner, minmay_tetromino_t2
D:2:      layout_basic, ebering_ecumenical_altar_webs, minmay_misc_feat_enclosed
D:3:      layout_loops_cross, gup_sewer_entry_bubbles
D:4:      layout_loops_ring, minmay_overflow_temple_star_quad, bloody_makhleb
D:5:      layout_gridville, st_stairs_5, uniq_blork_the_orc
D:6:      layout_loops_ring, minmay_temple_entry_junction,
          nicolae_wooded_promenade, uniq_duvessa, uniq_crazy_yiuf_cottage
D:7:      layout_basic, mainiacjoe_overflow_small_starburst,
          nicolae_shop_sticking_my_neck_out
D:8:      layout_rooms, nicolae_wu_jian_wuxing_cycle,
          mainiacjoe_overflow_24_doors, serial_bayou_ford_a
D:9:      layout_irregular_city, david_lair_generic, minivault_24, eino_jars
D:10:     layout_long_grid, serial_shops, shop, gammafunk_ghost_abyssal_escape,
          enter_bailey_2, kennysheep_generic_room_10
D:11:     layout_long_grid, orc_0_dummy, serial_bayou_crossing, uniq_harold,
          uniq_psyche
D:12:     minmay_expanding_circles, layout_loops_ring, serial_bayou,
          serial_bayou_pond_e, serial_bayou_pond_d, serial_bayou_lagoon_a,
          serial_bayou_pond_c, nicolae_danse_macabre, uniq_jorgrun
D:13:     layout_roguey, evilmike_butchery, uniq_maurice, uniq_nessos,
          uniq_erolcha
D:14:     layout_basic, erik_vaults_2, minmay_misc_feat_chi
D:15:     grunt_enter_depths_snipers, layout_basic, skrybe_limestone_x
Temple:   eino_wide_crystal_templ
Lair:1:   beast_lair_carwin_large_1, layout_long_grid, uniq_erica
Lair:2:   layout_gridlike, lemuel_fruit_fields, lemuel_fruit_fields
Lair:3:   layout_regular_city, elwin_shoals_entry_rocks,
          minmay_snake_entry_guardpost_medium, maelrawn_ghost_gauntlet_escape,
          uniq_nergalle
Lair:4:   layout_regular_city, basic_altar, st_stairs_11, lemuel_fruit_tree,
          uniq_josephine
Lair:5:   gammafunk_lair_ancient_temple, layout_long_grid, slime_entry_1,
          gauntlet_entry_generic, minivault_23, worms_lemuel
Shoals:1: layout_shoals
Shoals:2: layout_shoals
Shoals:3: layout_shoals, hellmonk_ghost_happy_afterlife,
          nicolae_shoals_lost_giant_pillars
Shoals:4: shoals_end_hellmonk_lost_city
Snake:1:  layout_chambers, serial_shops, nicolae_shop_hallway_stairs,
          uniq_frances, uniq_aizul, uniq_asterion
Snake:2:  nicolae_snake_attic_fulla_snakes, layout_gridlike,
          nicolae_snake_squiggles, statue_in_the_mist_lemuel, uniq_saint_roka,
          uniq_kirke, uniq_louise
Snake:3:  layout_rooms, minmay_shop_star
Snake:4:  grunt_snake_rune_pools, layout_misc_corridors,
          portal_ice_cave_entry_pillars_three, grunt_megastairs_5,
          serial_bayou_shore_b, uniq_bai_suzhen
Orc:1:    layout_caves, special_room [special_room_orc]
Orc:2:    st_orc_mages, layout_caves, enter_volcano_2, uniq_azrael
Elf:1:    layout_gridlike, minmay_elf_necromancy
Elf:2:    elven_hall_of_blades_hangedman_original
          [nicolae_blade_entry_pointy_end], layout_loops_corners, minivault_8
Elf:3:    elf_hall, layout_geoelf_octagon, gammafunk_ghost_arena,
          grunt_ministairs_7

Skill      XL: |  1  2  3  4  5  6  7  8  9 10 11 12 13 14 15 16 17 18 19 20 |
---------------+-------------------------------------------------------------+-----
Unarmed Combat | 3 |  3.5
Fighting       | 4 5 6 7 9 10 11 12 13 14 | 14.6
Shields        | 1 3 4 5 6 7 8 10 11 14 15 | 15.0
Long Blades    | 1 3 5 7 8 9 11 12 14 | 14.2
Dodging        | 3 5 6 7 9 10 11 12 13 | 13.3
Invocations    | 3 5 7 9 10 | 10.0
Spellcasting   | 7 8 10 | 10.0
Summonings     | 6 12 14 15 16 | 16.8
Short Blades   | 3 |  3.6
Translocations | 4 |  4.0
Necromancy     | 5 |  5.3
Stealth        | |  1.7

Action                   |  1- 3 |  4- 6 |  7- 9 | 10-12 | 13-15 | 16-18 | 19-21 || total
-------------------------+-------+-------+-------+-------+-------+-------+-------++-------
Melee: Unarmed           |   135 |    47 |       |       |       |       |       ||   182
       Kick              |    30 |    36 |    58 |   141 |   287 |   759 |   243 ||  1554
       Headbutt          |     2 |    23 |    39 |    94 |   178 |   494 |   159 ||   989
       Whip              |       |    76 |       |       |       |       |       ||    76
       Tailslap          |       |    15 |    24 |    58 |   125 |   357 |    93 ||   672
       Long sword        |       |    32 |   178 |   415 |   643 |   131 |       ||  1399
       Scimitar          |       |       |       |    10 |    10 |   184 |       ||   204
       Short sword       |       |       |       |       |       |  1369 |   491 ||  1860
Throw: Boomerang         |       |     4 |     7 |       |     4 |       |       ||    15
       Javelin           |       |       |       |       |       |     2 |       ||     2
 Cast: Call Imp          |       |       |       |       |       |    74 |     5 ||    79
       Summon Cactus Gia |       |       |       |       |       |    47 |    32 ||    79
Invok: Ancestor Life: He |       |       |     1 |       |       |       |       ||     1
       Recall Ancestor   |       |       |     1 |     3 |    10 |    14 |     1 ||    29
Evoke: Wand              |       |       |     2 |       |     2 |       |       ||     4
  Use: Potion            |       |       |     2 |     1 |     9 |     7 |     3 ||    22
       Scroll            |       |       |       |    15 |     7 |    10 |     7 ||    39
 Stab: Sleeping          |    10 |     7 |     3 |     1 |     2 |     4 |     2 ||    29
       Distracted        |     1 |       |     2 |    15 |     7 |    35 |     8 ||    68
       Confused          |       |       |     5 |     9 |    22 |    36 |    14 ||    86
       Paralysed         |       |       |       |       |    19 |   109 |    26 ||   154
Armor: Robe              |    22 |     9 |    19 |    50 |    82 |   141 |    16 ||   339
Dodge: Dodged            |    82 |    63 |    60 |   179 |   223 |   659 |   116 ||  1382
Block: Kite shield       |    19 |   114 |   135 |   341 |   547 |   969 |   301 ||  2426
       Reflection        |       |       |       |       |    32 |   120 |    38 ||   190
       Buckler           |       |       |       |       |       |   329 |       ||   329

Table legend: (Time is in decaauts)
 A = Elapsed time spent in this place.
 B = Non-inter-level travel time spent in this place.
 C = Inter-level travel time spent in this place.
 D = Time resting spent in this place.
 E = Time spent auto-exploring this place.
 F = Levels seen in this place.
 G = Mean time per level.
                   A        B        C        D        E       F      G
               +--------+--------+--------+--------+--------+-----+--------+
         Total |  54336 |  51410 |   2926 |  16368 |  25576 |  35 | 1552.5 |
       Dungeon |  20526 |  19008 |   1518 |   4598 |  11176 |  15 | 1368.4 |
        Temple |     54 |     47 |      7 |      0 |     29 |   1 |   54.0 |
          Lair |   8459 |   7823 |    636 |   1999 |   4417 |   5 | 1691.8 |
        Shoals |   9557 |   9240 |    317 |   4404 |   3095 |   4 | 2389.2 |
     Snake Pit |   9097 |   8844 |    253 |   3353 |   3721 |   4 | 2274.2 |
  Orcish Mines |   2265 |   2168 |     97 |    945 |    804 |   2 | 1132.5 |
   Elven Halls |   3756 |   3661 |     95 |    986 |   1982 |   3 | 1252.0 |
        Bailey |    617 |    617 |      0 |     83 |    351 |   1 |  617.0 |
               +--------+--------+--------+--------+--------+-----+--------+

Top non-repeatable levels by time:
Shoals:3: 3268 daAuts
 Snake:4: 3058 daAuts
 Snake:2: 2628 daAuts
Shoals:2: 2467 daAuts
   Elf:2: 2426 daAuts
    D:11: 2421 daAuts
  Lair:3: 2402 daAuts
 Snake:1: 2362 daAuts
Shoals:1: 2224 daAuts
    D:14: 1977 daAuts
  Lair:5: 1915 daAuts
     D:9: 1852 daAuts
Shoals:4: 1596 daAuts
     D:6: 1577 daAuts
    D:10: 1498 daAuts
